 Dungeon Crawl Stone Soup version 0.29.0-7-g18a832c13a (webtiles) character file.

Game seed: 6754047117473907281

58 edwardauron the Covered (level 4, -4/30 (35) HPs)
             Began as a Human Fighter on Aug 31, 2022.
             Slain by Terence
             ... wielding the +7 Throatcutter {drain, coup de grace}
              (7 damage)
             ... on level 2 of the Dungeon.
             The game lasted 00:00:56 (1658 turns).

edwardauron the Covered (Human Fighter)             Turns: 1658, Time: 00:00:57

HP:   -4/30 (35)    AC:  7    Str: 18    XL:     4   Next: 21%
MP:   4/4           EV:  9    Int:  9    God:
Gold: 41            SH:  4    Dex: 12    Spells: 3/3 levels left

rFire   . . .      SeeInvis .   a - +0 war axe
rCold   . . .      Faith    .   c - +0 buckler
rNeg    . . .      Spirit   .   b - +0 scale mail
rPois   .          Reflect  .   (no helmet)
rElec   .          Harm     .   (no cloak)
rCorr   .          Rampage  .   (no gloves)
Will    .....                   (no boots)
Stlth   ..........              (no amulet)
HPRegen 0.10/turn               (no ring)
MPRegen 0.09/turn               (no ring)

@: mighty, heavily drained
A: no striking features
a: no special abilities


You were on level 2 of the Dungeon.
You visited 1 branch of the dungeon, and saw 2 of its levels.

You collected 41 gold pieces.

Inventory:

Hand Weapons
 a - a +0 war axe (weapon)
Armour
 b - a +0 scale mail (worn)
 c - a +0 buckler (worn)
Jewellery
 e - an amulet of faith
Scrolls
 g - a scroll of enchant armour {unknown}
 i - a scroll of poison {unknown}
 j - 3 scrolls of identify {unknown}
 k - a scroll of immolation {unknown}
Potions
 f - a potion of cancellation {unknown}
 h - a potion of brilliance {unknown}
 l - a potion of heal wounds {unknown}


   Skills:
 + Level 3.2 Fighting
 + Level 2.9 Axes
 + Level 3.7 Armour
 + Level 3.3 Shields


You had 3 spell levels left.
You didn't know any spells.
Your spell library contained the following spells:

 Spells                   Type           Power      Damage    Failure   Level
 Freeze                   Ice            0%         1d3       86%         1
 Summon Small Mammal      Summ           0%         N/A       86%         1
 Call Canine Familiar     Summ           0%         N/A       99%         3
 Frozen Ramparts          Ice            0%         1d1       99%         3
 Summon Guardian Golem    Hex/Summ       0%         N/A       99%         3
 Hailstorm                Conj/Ice       0%         3d3       100%        4


Dungeon Overview and Level Annotations

Branches:
Dungeon (2/15)

Altars:
Kikubaaqudgha

Annotations:
D:2 Terence


Message History

No target in view!
No target in view!
No target in view!
You open the door.
There is an open door here.
Terence the Incautious comes into view.
He is wielding the +7 Throatcutter {drain, coup de grace}.
Terence shouts!
Terence is nearby!
Terence is nearby!
You block Terence's attack.
You closely miss Terence. You block Terence's attack.
Terence hits you with the +7 Throatcutter {drain, coup de grace}!
You feel drained.
You barely miss Terence.
Terence hits you with the +7 Throatcutter {drain, coup de grace}.
You feel drained.
You are too injured to fight recklessly!
You are too injured to fight recklessly!
You are too injured to fight recklessly!
You are too injured to fight recklessly!
You are too injured to fight recklessly!
You are too injured to fight recklessly!
You are too injured to fight recklessly!
You are too injured to fight recklessly!
You are too injured to fight recklessly!
You are too injured to fight recklessly!
You are too injured to fight recklessly!
You are too injured to fight recklessly!
You are too injured to fight recklessly!
You feel very mighty all of a sudden. Terence barely misses you.
You closely miss Terence. Terence closely misses you.
Terence hits you with the +7 Throatcutter {drain, coup de grace}.
* * * LOW HITPOINT WARNING * * *
You feel drained.
* * * LOW HITPOINT WARNING * * *
You slash Terence!
Terence is heavily wounded.
Terence hits you with the +7 Throatcutter {drain, coup de grace}!
You die...

..#.#..#
#..)..#
..#...##
#....(#
....###
#>....# #...#
##'#### ..#.#
#.# #.#.# #.#
#+#+### #.#
.......
#.############
.......
#.....@@......
.......
##############
.......
#######


You could see Terence.

Vanquished Creatures
  2 adders (D:2)
  2 dart slugs (D:2)
  7 endoplasms
  4 goblins
  A hobgoblin (D:2)
  3 kobolds
  A quokka (D:1)
  7 ball pythons
  2 bats (D:1)
  A frilled lizard (D:1)
  7 rats
37 creatures vanquished.

Notes
Turn   | Place    | Note
-------+----------+-------------------------------------------
     0 | D:1      | edwardauron the Human Fighter began the quest for the Orb.
     0 | D:1      | Reached XP level 1. HP: 18/18 MP: 1/1
   244 | D:1      | Reached XP level 2. HP: 10/24 MP: 2/2
  1276 | D:2      | Reached XP level 3. HP: 29/29 MP: 3/3
  1295 | D:2      | Found an ancient bone altar of Kikubaaqudgha.
  1429 | D:2      | Found a faded altar of an unknown god.
  1532 | D:2      | Reached XP level 4. HP: 35/35 MP: 4/4
  1650 | D:2      | Noticed Terence
  1658 | D:2      | Slain by Terence

Illustrated notes

Levels and vault maps discovered:
D:1:      scummos_arrival_checkerplants, layout_basic
D:2:      layout_basic, basic_altar, nicolae_ecumenical_snake_handling,
          minmay_tetromino_i4, uniq_terence

Action                   |  1- 3 |  4- 6 || total
-------------------------+-------+-------++-------
Melee: War axe           |    74 |    10 ||    84
  Use: Potion            |       |     1 ||     1
Armor: Scale mail        |    38 |     4 ||    42
Dodge: Dodged            |    28 |     6 ||    34
Block: Buckler           |    15 |     2 ||    17
